 Dungeon Sprint DCSS version 0.26-a0-638-gcca6ad1 (webtiles) character file.

Game seed: 1694565063123222514

9487 Deeps the Warrior (level 11, -4/119 HPs)
             Began as a Minotaur Fighter on Sept 15, 2020.
             Was the Champion of Okawaru.
             Slain by an orc warrior
             ... wielding a +0 long sword
              (19 damage)
             ... in the Dungeon (Sprint IX: "|||||||||||||||||||||||||||||").
             The game lasted 00:06:40 (2115 turns).

Deeps the Warrior (Minotaur Fighter)                Turns: 2115, Time: 00:06:40

Health: -4/119     AC: 22    Str: 24    XL:     11   Next: 23%
Magic:  5/12       EV: 11    Int:  5    God:    Okawaru [******]
Gold:   676        SH:  0    Dex: 10    Spells: 10/10 levels left

rFire    . . .     SeeInvis .   q - +3 war axe (freeze)
rCold    . . .     Faith    .   (no shield)
rNeg     . . .     Spirit   .   x - +1 chain mail
rPois    .         Reflect  .   (helmet restricted)
rElec    .         Harm     .   r - +0 cloak
rCorr    .         Rampage  .   u - +0 pair of gloves
MR       .....     NoTele   +   t - +0 pair of boots
Stlth    ..........             (no amulet)
HPRegen  0.29/turn              w - +2 ring of evasion
MPRegen  0.13/turn              v - +2 ring of protection

@: mighty
A: retaliatory headbutt, horns 2
a: Heroism, Finesse, Renounce Religion


You were in the Dungeon.
You worshipped Okawaru.
Okawaru was exalted by your worship.
You visited 1 branch You collected 676 gold pieces.

Inventory:

Hand Weapons
 m - the +2 scimitar "Hoshroac" {flame, *Rage Int+6}
   (You found it in the Dungeon)

   It has been specially enchanted to burn those struck by it, causing extra
   injury to most foes and up to half again as much damage against particularly
   susceptible opponents.
   Big, fiery blades are also staple armaments of hydra-hunters.
   It affects your intelligence (+6).
   It may make you go berserk in combat.
 o - a +0 war axe of draining
   (You took it off an orc priest in the Dungeon)
 q - a +3 war axe of freezing (weapon)
   (You found it in the Dungeon)
 y - a +2 dagger of chaos
   (You took it off Psyche in the Dungeon)
 A - a +0 vampiric hand axe {!w}
   (Okawaru gifted it to you in the Dungeon)
Armour
 b - a +0 scale mail
 r - a +0 cloak (worn)
   (You found it in the Dungeon)
 t - a +0 pair of boots (worn)
   (You found it in the Dungeon)
 u - a +0 pair of gloves (worn)
   (You found it in the Dungeon)
 x - a +1 chain mail (worn)
   (You found it in the Dungeon)
 z - a +2 robe of magic resistance
   (You took it off Psyche in the Dungeon)
Jewellery
 v - a +2 ring of protection (right hand)
   (You found it in the Dungeon)
 w - a +2 ring of evasion (left hand)
   (You found it in the Dungeon)
Wands
 s - a wand of iceblast (10)
   (You found it in the Dungeon)
Scrolls
 j - 5 scrolls of blinking {!r}
 k - 3 scrolls of remove curse
 l - 2 scrolls of amnesia
 p - 6 scrolls of enchant armour
Potions
 a - a potion of resistance
 c - a potion of invisibility
 d - a potion of might
 e - 3 potions of curing
 g - a potion of haste
 h - 4 potions of magic
 i - a potion of berserk rage {!q}
 n - 2 potions of brilliance


   Skills:
 - Level 18.0 Fighting
 - Level 17.8 Axes
 - Level 17.9 Armour
   Level 3.6 Shields
 * Level 3.5 Invocations
 * Level 3.2 Evocations


You had 10 spell levels left.
You didn't know any spells.
Your spell library was empty.

Dungeon Overview and Level Annotations

Branches:
Dungeon (1/1)

Altars:
Cheibriados
Dithmenos
Elyvilon
Fedhas
Gozag
Hepliaklqana
Kikubaaqudgha
Makhleb
Nemelex Xobeh
Okawaru
Qazlal
Ru
Sif Muna
Trog
Uskayaw
Vehumet
Wu Jian
Xom
Yredelemnul
Zin
The Shining One
Beogh
Jiyva
Lugonu


Innate Abilities, Weirdness & Mutations

You reflexively headbutt those who attack you in melee.
You have a pair of horns on your head.


Message History

The orc wizard no longer looks unusually strong.
The orc wizard mumbles some strange words.
The orc wizard blinks!
The orc knight hits you with a +0 great mace!
* * * LOW HITPOINT WARNING * * *
The orc warrior hits you but does no damage.
You take 15 damage, and have 6/119 hp.
You feel much better.
The orc warrior no longer looks unusually strong.
The orc warrior hits you but does no damage.
The orc knight barely misses you.
You regained 19 hp, and now have 25/119 hp.
You feel much better.
The orc warrior hits you but does no damage.
You regained 29 hp, and now have 54/119 hp.
The orc knight completely misses you.
Things that are here:
a +0 hand axe; a +0 chain mail; 50 gold pieces
There is an open door, spattered with blood here.
Things that are here:
a cursed -1 flail; a +0 plate armour; an orc corpse Really unwield
A - a +0 vampiric hand axe {!w}? [Y]es or [N]o only, please.
Really unwield
A - a +0 vampiric hand axe {!w}?
You feel the dreadful sensation subside.
Your +3 war axe of freezing glows with a cold blue light!
q - a +3 war axe of freezing (weapon)
The orc knight roars a battlecry!
The orc warriors go into a battle-frenzy!
Okay, then.
You can now deal lightning-fast blows.
You feel like a meek peon again.
You now have 4/10 mp.
You closely miss the orc knight.
Your chain mail prevents you from hitting the orc knight.
The orc knight barely misses you.
You completely miss the orc knight. You slice the orc knight!!
You freeze the orc knight. You headbutt the orc knight.
You closely miss the orc knight. The orc warrior barely misses you.
You barely miss the orc knight. Your headbutt misses the orc knight.
The orc knight hits you with a +0 great mace.
You take 2 damage, and have 54/119 hp.
You hit the orc knight but do no damage.
You headbutt the orc knight, but do no damage.
You closely miss the orc knight.
You headbutt the orc knight, but do no damage.
The orc warrior barely misses you.
You slash the orc knight! You freeze the orc knight. You slash the orc knight!
You freeze the orc knight.
You kill the orc knight!
Okawaru accepts your kill.
Your Invocations skill gained 2 levels and is now at level 2!
Your Evocations skill gained 2 levels and is now at level 2!
Unknown command.
You feel very mighty all of a sudden.
The orc warrior hits you from afar with a +0 trident of protection.
You take 4 damage, and have 50/119 hp.
Unknown command.
The orc warrior hits you with a +0 trident of protection.
Things that are here:
a +0 great mace; a +0 chain mail; 50 gold pieces You take 4 damage, and have 46/119 hp.
You hit the orc warrior but do no damage.
You closely miss the orc warrior.
The orc wizard gestures wildly while chanting.
The orc wizard blinks!
The orc warrior closely misses you.
You slice the orc warrior!! You freeze the orc warrior.
You kill the orc warrior!
Okawaru accepts your kill.
The orc warrior hits you with a +0 scimitar!!
* * * LOW HITPOINT WARNING * * *
Things that are here:
a +0 trident of protection; a +0 plate armour; an orc corpse You take 32 damage, and have 14/119 hp.
MASSIVE DAMAGE!!
You slice the orc warrior!! You freeze the orc warrior!
You kill the orc warrior!
Okawaru accepts your kill.
Your Invocations skill increases to level 3!
You slice the orc warrior!! You freeze the orc warrior!
You kill the orc warrior!
Okawaru accepts your kill.
Your Evocations skill increases to level 3!
Your hands slow down.
The orc wizard gestures wildly while chanting.
The orc wizard blinks!
The orc warrior misses you.
There is an open door, spattered with blood here.
Items here: $ ))) [[[ ††.
You hit the orc warrior. You freeze the orc warrior.
You headbutt the orc warrior. You closely miss the orc warrior.
You headbutt the orc warrior. The orc warrior barely misses you.
You furiously retaliate!
You headbutt the orc warrior! You chop the orc warrior into pieces!!!
You freeze the orc warrior.
You kill the orc warrior!
Okawaru accepts your kill.
You slash the orc warrior! You freeze the orc warrior.
The orc warrior hits you with a +0 long sword!!
You die...

▓_▓.▓.▓.▓o▓
▓_▓.▓.▓.▓.▓
▓_▓.▓.▓.▓$▓
▓_▓.▓)▓.▓$▓
▓_▓.▓÷▓.▓o▓
▓_▓.▓.▓.▓o▓
▓_▓.▓.▓.▓)▓
▓_▓.▓.▓.▓o▓
▓_▓.▓.▓.▓@▓
▓_▓.▓.▓.▓)▓
▓_▓.▓.▓.▓)▓
▓_▓.▓.▓.▓.▓
▓_▓.▓.▓.▓.▓
▓_▓.▓.▓.▓.▓
▓_▓.▓÷▓.▓)▓
▓_▓.▓.▓.▓)▓
▓_▓.▓.▓.▓)▓


You could see an orc warrior (strong), an orc wizard (fast) and an orc.

Vanquished Creatures
  A stone giant (D)
  2 hydras (D)
  A centaur warrior (D)
  An orc knight (D)
  A lindwurm (D)
  A black mamba (D)
  Psyche (D)
  3 cane toads (D)
  A rime drake (D)
  3 komodo dragons (D)
  A troll (D)
  3 tyrant leeches (D)
  A polar bear (D)
  A hippogriff (D)
  A wyvern (D)
  A shadow (D)
  A wraith (D)
  A yak (D)
  7 orc warriors (D)
  A wolf (D)
  2 ogres (D)
  2 crocodiles (D)
  A bullfrog (D)
  A howler monkey (D)
  An orc priest (D)
  An iguana (D)
  4 orc wizards (D)
  A worker ant (D)
  3 adders (D)
  A shadow imp (D)
  An adder skeleton (D)
  4 worms (D)
  A dart slug (D)
  2 leopard geckos (D)
  8 orcs (D)
  A bat skeleton (D)
  A hobgoblin (D)
  A kobold (D)
  A rat (D)
70 creatures vanquished.

Notes
Turn   | Place    | Note
-------+----------+-------------------------------------------
     0 | D        | Deeps the Minotaur Fighter began the quest for the Orb.
     0 | D        | Reached XP level 1. HP: 19/19 MP: 0/0
    11 | D        | Reached skill level 4 in Fighting
    11 | D        | Reached skill level 3 in Axes
    11 | D        | Reached skill level 4 in Armour
    45 | D        | Noticed a howler monkey
    45 | D        | Noticed an ogre
    48 | D        | Reached skill level 5 in Fighting
    48 | D        | Reached skill level 4 in Axes
    48 | D        | Reached skill level 5 in Armour
    48 | D        | Reached XP level 2. HP: 22/29 MP: 1/1
    56 | D        | Killed an ogre
    56 | D        | Reached skill level 7 in Fighting
    56 | D        | Reached skill level 6 in Axes
    56 | D        | Reached skill level 7 in Armour
    56 | D        | Reached XP level 3. HP: 33/39 MP: 2/2
    56 | D        | Reached XP level 4. HP: 39/47 MP: 3/3
    59 | D        | Reached skill level 7 in Axes
    59 | D        | Reached XP level 5. HP: 42/53 MP: 4/4
    66 | D        | Found a roughly hewn altar of Beogh.
    66 | D        | Found a snail-covered altar of Cheibriados.
    66 | D        | Found a shadowy altar of Dithmenos.
    66 | D        | Found a white marble altar of Elyvilon.
    66 | D        | Found a blossoming altar of Fedhas.
    66 | D        | Found an opulent altar of Gozag.
    67 | D        | Found a hazy altar of Hepliaklqana.
    68 | D        | Found a viscous altar of Jiyva.
    69 | D        | Found an ancient bone altar of Kikubaaqudgha.
    70 | D        | Found a corrupted altar of Lugonu.
    71 | D        | Found a burning altar of Makhleb.
    72 | D        | Found a sparkling altar of Nemelex Xobeh.
    73 | D        | Found an iron altar of Okawaru.
    74 | D        | Found a stormy altar of Qazlal.
    75 | D        | Found a sacrificial altar of Ru.
    76 | D        | Found a shimmering blue altar of Sif Muna.
    77 | D        | Found a bloodstained altar of Trog.
    78 | D        | Found a hide-covered altar of Uskayaw.
    79 | D        | Found a radiant altar of Vehumet.
    80 | D        | Found an ornate altar of the Wu Jian Council.
    81 | D        | Found a shimmering altar of Xom.
    83 | D        | Became a worshipper of Warmaster Okawaru
    85 | D        | Found a basalt altar of Yredelemnul.
    86 | D        | Found a glowing silver altar of Zin.
    87 | D        | Found a glowing golden altar of the Shining One.
   102 | D        | Got the +2 scimitar "Hoshroac" {flame, *Rage Int+6}
   250 | D        | Noticed an ogre
   250 | D        | Noticed a troll
   254 | D        | Killed a troll
   254 | D        | Reached * piety under Okawaru
   254 | D        | Reached skill level 10 in Fighting
   254 | D        | Reached skill level 9 in Axes
   254 | D        | Reached skill level 10 in Armour
   254 | D        | Reached XP level 6. HP: 46/66 MP: 5/5
   256 | D        | Reached skill level 10 in Axes
   356 | D        | Noticed a wraith
   356 | D        | Noticed a shadow
   356 | D        | Noticed a centaur warrior
   368 | D        | Killed a centaur warrior
   368 | D        | Reached ** piety under Okawaru
   368 | D        | Reached *** piety under Okawaru
   368 | D        | Reached **** piety under Okawaru
   368 | D        | Reached skill level 12 in Fighting
   368 | D        | Reached skill level 12 in Axes
   368 | D        | Reached skill level 12 in Armour
   368 | D        | Reached XP level 7. HP: 54/78 MP: 3/6
   368 | D        | Reached XP level 8. HP: 59/85 MP: 3/7
   385 | D        | Reached skill level 13 in Fighting
   385 | D        | Reached skill level 13 in Armour
   689 | D        | Noticed a komodo dragon
   689 | D        | Noticed a komodo dragon
   692 | D        | Reached skill level 13 in Axes
   692 | D        | Noticed a cane toad
   697 | D        | Noticed a black mamba
   699 | D        | Killed a komodo dragon
   705 | D        | Reached ***** piety under Okawaru
   709 | D        | Reached XP level 9. HP: 64/94 MP: 8/8
   712 | D        | Killed a komodo dragon
   712 | D        | Reached skill level 14 in Fighting
   712 | D        | Reached skill level 14 in Axes
   712 | D        | Reached skill level 14 in Armour
   719 | D        | Killed a cane toad
   726 | D        | HP: 14/96 [black mamba (14)]
   731 | D        | HP: 18/96 [black mamba (4)]
   732 | D        | Killed a black mamba
   732 | D        | Reached skill level 15 in Fighting
   732 | D        | Reached skill level 15 in Armour
  1046 | D        | Noticed a rime drake
  1046 | D        | Noticed a cane toad
  1046 | D        | Noticed a seven-headed hydra
  1046 | D        | Noticed a komodo dragon
  1050 | D        | Noticed a cane toad
  1051 | D        | Killed a komodo dragon
  1051 | D        | Reached skill level 15 in Axes
  1054 | D        | Noticed a seven-headed hydra
  1057 | D        | HP: 23/97 [four-headed hydra (9)]
  1058 | D        | Killed a three-headed hydra
  1058 | D        | Reached XP level 10. HP: 26/107 MP: 9/9
  1067 | D        | Received a gift from Okawaru
  1072 | D        | HP: 21/107 [four-headed hydra (8)]
  1073 | D        | Killed a three-headed hydra
  1073 | D        | Reached skill level 16 in Fighting
  1073 | D        | Reached skill level 16 in Axes
  1073 | D        | Reached skill level 16 in Armour
  1076 | D        | Killed a cane toad
  1083 | D        | Killed a cane toad
  1083 | D        | Reached ****** piety under Okawaru
  1350 | D        | Noticed a lindwurm
  1360 | D        | Killed a lindwurm
  1360 | D        | Reached skill level 17 in Fighting
  1360 | D        | Reached skill level 17 in Armour
  1365 | D        | Reached skill level 17 in Axes
  1374 | D        | HP: 24/111 [tyrant leech (7)]
  1382 | D        | HP: 22/111 [worm (4)]
  1751 | D        | Noticed Psyche
  1756 | D        | Killed Psyche
  1756 | D        | Received a gift from Okawaru
  1832 | D        | Noticed a stone giant
  1859 | D        | Killed a stone giant
  1859 | D        | Reached XP level 11. HP: 52/118 MP: 10/10
  2053 | D        | Noticed an orc knight
  2061 | D        | Reached skill level 18 in Fighting
  2081 | D        | HP: 24/119 [orc warrior/+0 trident of protection (9)]
  2083 | D        | HP: 6/119 [orc knight/+0 great mace (15)]
  2102 | D        | Killed an orc knight
  2102 | D        | Reached skill level 2 in Invocations
  2102 | D        | Reached skill level 2 in Evocations
  2108 | D        | HP: 14/119 [orc warrior/+0 scimitar (33)]
  2109 | D        | Reached skill level 3 in Invocations
  2110 | D        | Reached skill level 3 in Evocations
  2115 | D        | Slain by an orc warrior

Illustrated notes

Levels and vault maps discovered:
D:        linesprint [early_d, line_temple, items_1, d_10, items_2, lair_1,
          lair_end, items_3, orc_1, orc_end, items_4, d_15, swamp_1, shoals_1,
          snake_1, spider_1, d_20, vaults_1, items_5, swamp_end, shoals_end,
          snake_end, spider_end, vaults_end, d_27, items_6, zot_1, zot_end,
          crypt_end, forest_end, elf_end, slime_end, tomb_end, abyss_end,
          pan_hell_end]

Skill      XL: |  1  2  3  4  5  6  7  8  9 10 11 |
---------------+----------------------------------+-----
Fighting       | 5 7 10 12 13 15 17 18 | 18.0
Axes           | 4 6 7 9 12 13 15 17 | 17.8
Armour         | 5 7 10 12 13 15 17 | 17.9
Invocations    | 3 |  3.5
Evocations     | 3 |  3.2
Shields        | |  3.6

Action                   |  1- 3 |  4- 6 |  7- 9 | 10-12 || total
-------------------------+-------+-------+-------+-------++-------
Melee: War axe           |    19 |    26 |    65 |    64 ||   174
       Headbutt          |     3 |     4 |    16 |    38 ||    61
       Scimitar          |       |       |     6 |    13 ||    19
       Hand axe          |       |       |       |    83 ||    83
       Punch             |       |       |       |     1 ||     1
Invok: Heroism           |       |     1 |       |     3 ||     4
       Finesse           |       |       |       |     1 ||     1
  Use: Potion            |     1 |       |     2 |     6 ||     9
       Scroll            |       |       |       |     1 ||     1
Armor: Scale mail        |     5 |     1 |       |       ||     6
       Chain mail        |       |    15 |    42 |    55 ||   112
Dodge: Dodged            |     6 |    13 |    24 |    58 ||   101
       Rpst.: Scimitar   |       |       |     1 |     3 ||     4

Table legend: (Time is in decaauts)
 A = Elapsed time spent in this place.
 B = Non-inter-level travel time spent in this place.
 C = Inter-level travel time spent in this place.
 D = Time resting spent in this place.
 E = Time spent auto-exploring this place.
 F = Levels seen in this place.
 G = Mean time per level.
                   A        B        C        D        E       F      G
               +--------+--------+--------+--------+--------+-----+--------+
         Total |   2054 |   2054 |      0 |   1364 |      0 |   1 | 2054.0 |
       Dungeon |   2054 |   2054 |      0 |   1364 |      0 |   1 | 2054.0 |
               +--------+--------+--------+--------+--------+-----+--------+

Top non-repeatable levels by time:
       D: 2054 daAuts

Table legend:
 A = Kills in this place as a percentage of kills in entire the game.
 B = Kills by you in this place as a percentage of kills by you in the entire game.
 C = Kills by friends in this place as a percentage of kills by friends in the entire game.
 D = Other kills in this place as a percentage of other kills in the entire game.
 E = Experience gained in this place as a percentage of experience gained in the entire game.
 F = Experience gained in this place divided by the number of levels of this place that you have seen.
                   A       B       C       D       E      F
               +-------+-------+-------+-------+-------+----------------------
         Total | 100.0 | 100.0 |   N/A |   N/A | 100.0 | 13553.0
       Dungeon | 100.0 | 100.0 |   N/A |   N/A | 100.0 | 13553.0
               +-------+-------+-------+-------+-------+----------------------
